 Dungeon Crawl Stone Soup version 0.28.0-53-g5a82cb258f (webtiles) character file.

Game seed: 4405233193163062396

30 safid the Skirmisher (level 3, -1/33 HPs)
             Began as a Hill Orc Fighter on May 27, 2022.
             Succumbed to an adder's poison
             ... on level 2 of the Dungeon.
             The game lasted 00:01:56 (1070 turns).

safid the Skirmisher (Hill Orc Fighter)             Turns: 1070, Time: 00:01:57

Health: -1/33      AC:  7    Str: 17 (20) XL:     3   Next: 18%
Magic:  3/3        EV:  9    Int:  7 (8)  God:
Gold:   23         SH:  4    Dex:  7 (10) Spells: 2/2 levels left

rFire   . . .      SeeInvis .   a - +0 war axe
rCold   . . .      Faith    .   c - +0 buckler
rNeg    . . .      Spirit   .   b - +0 scale mail
rPois   .          Reflect  .   (no helmet)
rElec   .          Harm     .   (no cloak)
rCorr   .          Rampage  .   (no gloves)
Will    .....                   (no boots)
Stlth   ..........              (no amulet)
HPRegen 0.11/turn               (no ring)
MPRegen 0.08/turn               (no ring)

@: mighty, brilliant, lethally poisoned (-1 -> -4), flying
A: no striking features
a: no special abilities


You were on level 2 of the Dungeon.
You visited 1 branch of the dungeon, and saw 2 of its levels.

You collected 23 gold pieces.

Inventory:

Hand Weapons
 a - a +0 war axe (weapon)
Armour
 b - a +0 scale mail (worn)
 c - a +0 buckler (worn)
Scrolls
 f - 2 scrolls of identify
Potions
 g - a potion of brilliance


   Skills:
 - Level 4.0 Fighting
 + Level 3.3 Axes
 + Level 3.7 Armour
 + Level 3.6 Shields


You had 2 spell levels left.
You didn't know any spells.
Your spell library contained the following spells:

 Spells                   Type           Power      Damage    Failure   Level
 Foxfire                  Conj/Fire      0%         2x1d4     89%         1
 Static Discharge         Conj/Air       0%         N/A       96%         2
 Summon Guardian Golem    Hex/Summ       0%         N/A       99%         3
 Dispel Undead            Necr           0%         3d6       100%        4
 Sticky Flame             Conj/Fire      0%         2d3       100%        4
 Irradiate                Conj/Tmut      0%         3d14      100%        5


Dungeon Overview and Level Annotations

Branches:
Dungeon (2/15)

Altars:

Shops:
D:2 =


Message History

You are too injured to fight recklessly!
An adder is nearby!
Unknown command.
You closely miss the adder. The adder bites you but does no damage.
The adder bites you.
You are poisoned.
The adder poisons you!
You closely miss the adder.
You feel sick. The adder closely misses you.
The adder bites you but does no damage.
You barely miss the adder.
You feel sick.
The adder bites you but does no damage. x2
Unknown command.
You feel very mighty all of a sudden.
You feel sick. The adder bites you.
* * * LOW HITPOINT WARNING * * *
You are lethally poisoned!
The adder poisons you!
It was a potion of brilliance.
You feel clever all of a sudden.
* * * LOW HITPOINT WARNING * * *
You feel sick. You block the adder's attack.
The adder bites you but does no damage.
It was a potion of flight.
You feel very buoyant.
You fly up into the air.
* * * LOW HITPOINT WARNING * * *
You feel sick. The adder barely misses you.
It was a potion of degeneration.
There was something very wrong with that liquid.
You feel weakened.
You feel dopey.
You feel clumsy.
* * * LOW HITPOINT WARNING * * *
You feel sick. The adder bites you but does no damage.
Okay, then.
As you read the scroll labelled GORIC XYAKIL, it crumbles to dust.
It is a scroll of identify.
You don't have any unidentified items.
* * * LOW HITPOINT WARNING * * *
You feel sick. The adder bites you but does no damage.
You barely miss the adder.
You die...

...# #..# ##..#
... ... #.#
####S# ##.##@#
####...#.#######
+....^....?.....
####......####..
##..#.## ##.###
#.# #+# #.# #.#
#.#


You could see an adder.

Vanquished Creatures
  A dart slug (D:1)
  3 ball pythons (D:1)
  3 bats (D:1)
  5 giant cockroaches (D:1)
  2 goblins (D:1)
  4 hobgoblins
  2 frilled lizards
  A kobold (D:1)
  5 rats (D:1)
26 creatures vanquished.

Notes
Turn   | Place    | Note
-------+----------+-------------------------------------------
     0 | D:1      | safid the Hill Orc Fighter began the quest for the Orb.
     0 | D:1      | Reached XP level 1. HP: 19/19 MP: 1/1
    68 | D:1      | Found a faded altar of an unknown god.
   156 | D:1      | Reached XP level 2. HP: 27/27 MP: 2/2
   408 | D:1      | Got the Papyrus of the Entourage and Combat Magic
   511 | D:1      | Reached skill level 4 in Fighting
   661 | D:1      | Reached XP level 3. HP: 33/33 MP: 3/3
  1009 | D:2      | Found Jiranno's Jewellery Emporium.
  1069 | D:2      | HP: 1/33 [poisoned by an adder]
  1070 | D:2      | Succumbed to an adder's poison

Illustrated notes

Levels and vault maps discovered:
D:1:      dpeg_arrival_ternary, layout_loops_ring,
          ebering_ecumenical_altar_webs, st_stairs_2
D:2:      layout_loops_corners, basic_altar, serial_shops,
          nicolae_shop_advertising_works [nicolae_subvault_shop_adworks], shop,
          minmay_lizard_king

Skill      XL: |  1  2 |
---------------+-------+-----
Axes           | 3 |  3.3
Fighting       | 4 |  4.0
Armour         | |  3.7
Shields        | |  3.6

Action                   || total
-------------------------++-------
Melee: War axe           ||    84
  Use: Potion            ||     4
       Scroll            ||     1
Armor: Scale mail        ||    41
Dodge: Dodged            ||    42
Block: Buckler           ||    20
